 Dungeon Crawl Stone Soup version 0.24-a0-639-gb70a11d811 (webtiles) character file.

Game seed: 16187048573681381539, levelgen mode: deterministic

1587 Masnef the Carver (level 9, 0/63 HPs)
             Began as a Human Gladiator on Sept 21, 2019.
             Was a Believer of Wu Jian.
             Slain by a sky beast (3 damage)
             ... on level 5 of the Dungeon on Sept 22, 2019.
             The game lasted 00:30:18 (7904 turns).

Masnef the Carver (Human Gladiator)                 Turns: 7904, Time: 00:30:19

Health: 0/63       AC: 13    Str: 18    XL:     9   Next: 14%
Magic:  27/27      EV: 11    Int:  9    God:    Wu Jian [**....]
Gold:   355        SH:  0    Dex: 14    Spells: 7/8 levels left

rFire    . . .     SeeInvis .   a - +0 long sword
rCold    . . .     Gourm    .   (no shield)
rNeg     . . .     Faith    .   l - +4 scale mail {rPois}
rPois    +         Spirit   .   c - +0 helmet
rElec    .         Reflect  .   w - +0 cloak
rCorr    .         Harm     .   (no gloves)
MR       .....                  (no boots)
Stlth    +.........             r - amulet of magic regeneration
HPRegen  0.20/turn              e - ring of magical power
MPRegen  0.45/turn              t - ring of magical power

@: very slightly contaminated
A: no striking features
a: Wall Jump, Renounce Religion


You were on level 5 of the Dungeon.
You worshipped Wu Jian.
Wu Jian was pleased with you.
You were hungry.

You visited 1 branch of the dungeon, and saw 5 of its levels.
You also visited: Sewer.

You collected 355 gold pieces.

Inventory:

Hand Weapons
 a - a +0 long sword (weapon)
 n - a +0 dagger
Missiles
 d - 3 throwing nets (quivered)
Armour
 b - a +0 leather armour
 c - a +0 helmet (worn)
 l - a +4 scale mail of poison resistance (worn)
 w - a +0 cloak (worn)
 x - a +1 hat
Jewellery
 e - a ring of magical power (left hand)
 r - an amulet of magic regeneration (around neck)
 t - a ring of magical power (right hand)
 A - the ring of Dapt {Ice rPois Dex+6}
   (You took it off Ijyb on level 4 of the Dungeon)

   [ring of ice]

   It enhances your ice magic.
   It affects your dexterity (+6).
   It makes you vulnerable to fire.
   It protects you from cold.
   It protects you from poison.
Wands
 m - a wand of acid (3)
 z - a wand of random effects (28)
Scrolls
 g - a scroll of identify
 h - 2 scrolls of remove curse
 i - a scroll of magic mapping
 o - 2 scrolls of fear {unknown}
 u - a scroll of fog {unknown}
 y - 3 scrolls of amnesia
Potions
 j - 4 potions of curing
 k - a potion of might
 p - a potion of resistance {unknown}
 q - 2 potions of agility
 s - 2 potions of invisibility {unknown}
 v - a potion of flight
 B - a potion of heal wounds
 C - a potion of lignification {unknown}
Comestibles
 f - 5 rations


   Skills:
 + Level 3.1 Fighting
 * Level 8.0 Long Blades
 - Level 2.0 Throwing
 + Level 3.4 Armour
 * Level 4.0 Dodging
 * Level 4.4 Stealth
 - Level 4.0 Hexes


You had 7 spell levels left.
You knew the following spells:

 Your Spells              Type           Power        Failure   Level  Hunger
a - Confusing Touch       Hex            #.....       24%         1    ##.....

Your spell library contained the following spells:

 Spells                   Type           Power        Failure   Level  Hunger
 Confuse                  Hex            #.......     58%         3    ####...
 Freeze                   Ice            #...         77%         1    ##.....
 Throw Frost              Conj/Ice       #.....       88%         2    ###....
 Gell's Gravitas          Tloc           #.........   98%         3    ####...
 Ozocubu's Armour         Chrm/Ice       #.......     98%         3    ####...
 Petrify                  Tmut/Erth      #.......     100%        4    #####..
 Summon Ice Beast         Ice/Summ       #.......     100%        4    #####..
 Throw Icicle             Conj/Ice       #.......     100%        4    #####..
 Metabolic Englaciation   Hex/Ice        #.........   100%        5    ######.
 Yara's Violent Unravell  Hex/Tmut       #.........   100%        5    ######.


Dungeon Overview and Level Annotations

Branches:
Dungeon (5/15)             Temple (0/1) D:4           Sewer (visited)

Altars:
Ashenzari
Fedhas
Trog
Vehumet
Wu Jian
Xom
Yredelemnul
Zin

Shops:
D:4 *:(([


Message History

Confirm with . or Enter, or press ? or * to list all spells.
You miscast Confusing Touch.
Nothing appears to happen.
Something hits you.
* * * LOW HITPOINT WARNING * * *
Something shocks you.
* * * LOW HITPOINT WARNING * * *
You closely miss something. Something hits you but does no damage.
You closely miss something. Something hits you but does no damage.
Casting: Confusing Touch (safe; 24% risk of failure)
Confirm with . or Enter, or press ? or * to list all spells.
Your hands begin to glow red.
You are feeling hungry.
Something hits you but does no damage.
You closely miss something. Something hits you but does no damage.
You barely miss something. Something hits you but does no damage.
You barely miss something. Something hits you.
* * * LOW HITPOINT WARNING * * *
Something shocks you.
* * * LOW HITPOINT WARNING * * *
You hit something but do no damage. Something hits you.
You die...

.... .. ....(. ... ..
#.... #... ...#....
###..# .. ...#....#
#....#...
........#...##.#..#%..
..........##...)........
.......................
........#..##.@{.......
..#....###.............
#............##........
##...........###.##.....
##..##........##..##.....
.#..##........#....# ....
........#.........## ..
....###...........#
....####............#


There were no monsters in sight!

Vanquished Creatures
  Grinder (D:3)
  A water moccasin (D:5)
  A sky beast (D:4)
  A phantom (D:4)
  An ogre (D:5)
  2 centaurs
  A bullfrog (D:3)
  2 scorpions (D:4)
  A howler monkey (D:5)
  2 orc priests (D:4)
  Terence (D:3)
  An iguana (D:4)
  Ijyb (D:4)
  Natasha (thrice) (D:3)
  5 orc wizards
  2 worker ants (D:4)
  A hound zombie (D:5)
  Robin (D:3)
  4 gnolls
  4 adders
  6 oozes (Sewer)
  4 worms (Sewer)
  9 leopard geckos
  7 orcs
  9 giant cockroaches
  14 goblins
  13 hobgoblins
  8 jackals
  3 quokkas
  2 ball pythons
  11 bats
  8 frilled lizards
  7 kobolds
  8 rats
145 creatures vanquished.

Notes
Turn   | Place    | Note
-------+----------+-------------------------------------------
     0 | D:1      | Masnef the Human Gladiator began the quest for the Orb.
     0 | D:1      | Reached XP level 1. HP: 16/16 MP: 1/1
    85 | D:1      | Reached XP level 2. HP: 17/22 MP: 2/2
   504 | D:1      | Reached skill level 4 in Long Blades
   504 | D:1      | Reached XP level 3. HP: 20/27 MP: 3/3
  1040 | D:2      | Learned a level 1 spell: Confusing Touch
  1280 | D:2      | Found a basalt altar of Yredelemnul.
  1498 | D:2      | Found an ornate altar of the Wu Jian Council.
  1506 | D:2      | Became a worshipper of the Wu Jian Council
  1647 | D:3      | Noticed Terence
  1647 | D:3      | Noticed a centaur
  1683 | D:2      | Reached XP level 4. HP: 5/33 MP: 4/4
  1960 | D:3      | Found a bloodstained altar of Trog.
  2018 | D:3      | Reached skill level 1 in Armour
  2068 | D:3      | Noticed Robin
  2096 | D:3      | Killed Robin
  2102 | D:3      | Reached XP level 5. HP: 12/38 MP: 5/5
  2186 | D:3      | Found a glowing drain.
  2206 | Sewer    | Entered a sewer
  2215 | Sewer    | Reached * piety under Wu Jian
  2495 | Sewer    | Reached skill level 1 in Stealth
  2977 | Sewer    | Reached skill level 1 in Hexes
  3406 | D:3      | Noticed Grinder
  3416 | D:3      | Paralysed by Grinder for 4 turns
  3445 | D:4      | Noticed Ijyb
  3696 | D:4      | Found a shimmering altar of Xom.
  3706 | D:4      | Found Taroxi's Weapon Shop.
  3712 | D:4      | Found a shattered altar of Ashenzari.
  3990 | D:3      | Noticed Natasha
  4000 | D:3      | Killed Natasha
  4000 | D:3      | Reached skill level 5 in Long Blades
  4000 | D:3      | Reached XP level 6. HP: 33/46 MP: 6/6
  4174 | D:3      | Noticed Natasha
  4191 | D:3      | Killed Natasha
  4379 | D:3      | Killed Terence
  4728 | D:4      | Found a radiant altar of Vehumet.
  4732 | D:4      | Reached XP level 7. HP: 34/51 MP: 7/7
  4855 | D:3      | Noticed Natasha
  5129 | D:4      | Reached skill level 6 in Long Blades
  5364 | D:3      | Reached ** piety under Wu Jian
  5633 | D:3      | Killed Natasha
  5736 | D:3      | Paralysed by Grinder for 7 turns
  5756 | D:3      | Paralysed by Grinder for 6 turns
  5945 | D:3      | Paralysed by Grinder for 5 turns
  5965 | D:3      | Killed Grinder
  5965 | D:3      | Reached XP level 8. HP: 20/57 MP: 8/8
  6197 | D:4      | Identified the ring of Dapt {Ice rPois Dex+6}
  6216 | D:4      | Killed Ijyb
  6228 | D:4      | Found Soosy's Weapon Boutique.
  6262 | D:4      | Noticed an angel
  6263 | D:4      | Found a glowing silver altar of Zin.
  6324 | D:4      | Found a staircase to the Ecumenical Temple.
  6349 | D:4      | Found Zeinim's Assorted Antiques.
  6598 | D:4      | Found Naezy's Antique Armour Shoppe.
  6718 | D:4      | Found Vuhyemip's Book Shoppe.
  6778 | D:4      | Found a blossoming altar of Fedhas.
  7031 | D:5      | Entered Level 5 of the Dungeon
  7279 | D:4      | Reached skill level 7 in Long Blades
  7610 | D:5      | Reached XP level 9. HP: 47/63 MP: 9/9
  7845 | D:5      | Reached skill level 8 in Long Blades
  7903 | D:5      | HP: 3/63 [something (5)]
  7904 | D:5      | Slain by a sky beast

Levels and vault maps discovered:
D:1:      lightli_arrival_windingriver, layout_loops_cross, serial_bayou_pond_d
D:2:      layout_loops_ring, lemuel_coloured_pillars_altar,
          lemuel_crystal_altar, kennysheep_generic_room_13
D:3:      layout_loops_ring, old_standard_altar, gup_sewer_entry_bowl,
          uniq_terence, uniq_natasha, uniq_grinder, uniq_robin
D:4:      layout_loops_ring, evilmike_ruin_ashenzari, fedhas_altar_fruit_tree,
          overflow_temple_1_default, overflow_temple_1_default, zin_angel,
          minmay_temple_entry_slanted, first_ration, serial_shops, shop,
          nicolae_shop_waterfront, kennysheep_little_box,
          nicolae_shop_behind_doors, shop, serial_rivers,
          chequers_serial_rivers_micro_d, chequers_serial_rivers_micro_a,
          chequers_serial_rivers_room_a, chequers_serial_rivers_small_3,
          chequers_serial_rivers_large_a, uniq_ijyb
D:5:      layout_cave_pools

Skill      XL: |  1  2  3  4  5  6  7  8  9 |
---------------+----------------------------+-----
Long Blades    | 4 5 6 7 8 |  8.0
Armour         | 1 2 3 |  3.4
Stealth        | 1 2 3 4 |  4.4
Hexes          | 1 2 3 4 |  4.0
Fighting       | 3 |  3.1
Dodging        | 4 |  4.0
Throwing       | |  2.0

Action                   |  1- 3 |  4- 6 |  7- 9 || total
-------------------------+-------+-------+-------++-------
Melee: Long sword        |   104 |   216 |   252 ||   572
       Dagger            |    14 |    25 |    55 ||    94
 Cast: Confusing Touch   |     1 |    16 |    36 ||    53
Invok: Lunge             |       |    20 |    21 ||    41
       Whirlwind         |       |     9 |    19 ||    28
 Abil: Wall Jump         |       |       |     1 ||     1
Evoke: Wand              |       |     1 |     2 ||     3
  Use: Scroll            |       |    10 |     1 ||    11
       Potion            |       |     5 |       ||     5
 Stab: Confused          |       |     8 |    15 ||    23
       Sleeping          |       |     1 |       ||     1
  Eat: Chunk             |     2 |     2 |     3 ||     7
       Ration            |       |     3 |     3 ||     6
Armor: Leather armour    |    37 |    42 |       ||    79
       Scale mail        |       |    35 |   160 ||   195
Dodge: Dodged            |   101 |   184 |   116 ||   401
       Rpst.: Long sword |    28 |    45 |    35 ||   108

Table legend:
 A = Non-vault XP
 B = Vault XP
 C = Vault XP percentage of total XP
 D = Non-vault monster count
 E = Vault monster count
 F = Vault count percentage of total count
                 A         B        C        D         E       F
            +---------+---------+-------+---------+---------+-------
      Total |    1710 |     558 |  24.6 |     100 |      45 |  31.0
            +---------+---------+-------+---------+---------+-------
        D:1 |      33 |       0 |   0.0 |      21 |       0 |   0.0
        D:2 |      30 |       3 |   9.1 |      16 |       2 |  11.1
        D:3 |     376 |     417 |  52.6 |      28 |      17 |  37.8
        D:4 |     758 |      36 |   4.5 |      22 |       1 |   4.3
        D:5 |     513 |       0 |   0.0 |      13 |       0 |   0.0
      Sewer |       0 |     102 | 100.0 |       0 |      25 | 100.0
            +---------+---------+-------+---------+---------+-------
